 Dungeon Sprint DCSS version 0.31.0-32-g396128a36d (webtiles) character file.

Game seed: 11926663433587420853

3698 Groucho the Geomancer (level 9, -11/46 HPs)
             Began as a Spriggan Earth Elementalist on Mar 24, 2024.
             Was the Champion of Sif Muna.
             Killed from afar by a lindwurm (44 damage)
             ... with a blast of flame
             ... in the Dungeon (Sprint VII: "The Pits").
             The game lasted 00:11:02 (3215 turns).

Groucho the Geomancer (Spriggan Earth Elementalist) Turns: 3215, Time: 00:11:02

Health: -11/46     AC:  2    Str:  4    XL:     9   Next: 91%
Magic:  16/24      EV: 19    Int: 27    God:    Sif Muna [******]
Gold:   0          SH:  0    Dex: 15    Spells: 9/28 levels left

rFire   . . .        e - +2 dagger (venom)
rCold   . . .        (no shield)
rNeg    . . .        a - +0 robe
rPois   .            (helmet restricted)
rElec   .            (no cloak)
rCorr   .            (gloves unavailable)
SInv    +            (boots unavailable)
Will    +....        (no amulet)
Stlth   +++          g - +3 ring of intelligence
HPRegen 0.27/turn    h - +3 ring of intelligence
MPRegen 0.19/turn

%: no teleportation
@: very quick
A: very small, no large weapons, unfitting armour, see invisible, speed 3
a: Renounce Religion, Channel Magic, Forget Spell, Divine Exegesis


You were in the Dungeon.
You worshipped Sif Muna.
Sif Muna was exalted by your worship.
You visited 1 branch

Inventory:

Hand Weapons
 e - a +2 dagger of venom (weapon)
 q - a +2 rapier of flaming
Armour
 a - a +0 robe (worn)
Jewellery
 g - a +3 ring of intelligence (left hand)
 h - a +3 ring of intelligence (right hand)
Scrolls
 j - 2 scrolls of vulnerability
 k - 5 scrolls of amnesia
 l - a scroll of summoning
Potions
 b - 5 potions of magic
 c - 7 potions of curing
 d - 6 potions of heal wounds
 f - 3 potions of berserk rage
 i - a potion of invisibility
 m - a potion of resistance
 n - 2 potions of haste
 o - a potion of might
 p - a potion of brilliance


   Skills:
 + Level 4.7 Fighting
 + Level 6.2 Short Blades
 - Level 3.0 Armour
 - Level 5.0 Dodging
 - Level 7.0 Stealth
 + Level 10.3 Spellcasting
 * Level 9.2 Conjurations
 * Level 11.2 Earth Magic
 + Level 5.9 Alchemy
 + Level 7.3 Invocations


You had 9 spell levels left.
You knew the following spells:

 Your Spells              Type           Power      Damage    Failure   Level
a - Sandblast             Erth           100%       2d20      1%          1
b - Stone Arrow           Conj/Erth      100%       3d13      1%          3
c - Petrify               Alch/Erth      57%        N/A       1%          4
d - Lee's Rapid Deconstr  Erth           32%        3d17*     1%          5
e - Bombard               Conj/Erth      31%        9d6       10%         6

Your spell library contained the following spells:

 Spells                   Type           Power      Damage    Failure   Level
 Mephitic Cloud           Conj/Alch/Air  41%        N/A       1%          3
 Passwall                 Erth           65%        N/A       1%          3
 Brom's Barrelling Bould  Conj/Erth      62%        2d8       1%          4
 Leda's Liquefaction      Alch/Erth      28%        N/A       1%          4
 Cigotuvi's Dreadful Rot  Necr/Alch/Air  48%        N/A       2%          2
 Sticky Flame             Fire/Alch      30%        2d7       12%         4
 Freezing Cloud           Conj/Ice/Air   15%        6-21      32%         5
 Dimensional Bullseye     Hex/Tloc       6%         N/A       38%         4
 Conjure Ball Lightning   Conj/Air       19%        3x3d6     67%         6
 Silence                  Hex/Air        6%         N/A       75%         5
 Plasma Beam              Fire/Air       6%         2x1d17    100%        6
 Enfeeble                 Hex            6%         N/A       100%        7
 Ozocubu's Refrigeration  Ice            6%         4d8       100%        7
 Discord                  Hex            6%         N/A       100%        8
 Chain Lightning          Conj/Air       19%        3d25      100%        9
 Fire Storm               Conj/Fire      19%        8d5       100%        9
 Shatter                  Erth           32%        3d26*     100%        9


Dungeon Overview and Level Annotations

Branches:
Dungeon (1/1)

Altars:
Ashenzari
Cheibriados
Dithmenos
Elyvilon
Fedhas
Gozag
Hepliaklqana
Kikubaaqudgha
Makhleb
Nemelex Xobeh
Okawaru
Qazlal
Ru
Sif Muna
Trog
Uskayaw
Vehumet
Wu Jian
Xom
Yredelemnul
Zin
The Shining One
Jiyva
Lugonu


Innate Abilities, Weirdness & Mutations

You are very small and have problems with some larger weapons.
You are too small for most types of armour.
You have supernaturally acute eyesight. (SInv)
You cover ground extremely quickly. (Speed+++)


Message History

The stone arrow hits the orc wizard!
You kill the orc wizard!
Sif Muna accepts your kill.
Unknown command.
You start resting.
An orc priest comes into view. It is wielding a +0 whip.
An orc priest is nearby!
Aiming: Stone Arrow (safe; 1% risk of failure)
Press: ? - help, Q - select action, (/) - cycle Shift-Dir - straight line, f - orc priest
Aim: an orc priest, wielding a +0 whip (78% to hit)
The stone arrow hits the orc priest!!
You kill the orc priest!
Sif Muna accepts your kill.
Unknown command.
You start resting.
A lindwurm is nearby!
Aiming: Stone Arrow (safe; 1% risk of failure)
Press: ? - help, Q - select action, (/) - cycle Shift-Dir - straight line, f - lindwurm
Aim: a lindwurm (wandering, hasn't noticed you, 89% to hit)
The stone arrow hits the lindwurm!
The lindwurm is moderately wounded.
The lindwurm breathes flames at you. The blast of flame hits you!!
Ouch! That really hurt!
* * * LOW HITPOINT WARNING * * *
Unknown command.
Aiming: Stone Arrow (safe; 1% risk of failure)
Press: ? - help, Q - select action, (/) - cycle Shift-Dir - straight line, f/p - lindwurm
Aim: a lindwurm (moderately wounded, catching its breath, 89% to hit)
Okay, then.
You feel much better.
Aiming: Stone Arrow (safe; 1% risk of failure)
Press: ? - help, Q - select action, (/) - cycle Shift-Dir - straight line, f/p - lindwurm
Aim: a lindwurm (moderately wounded, 89% to hit)
The stone arrow hits the lindwurm!
The lindwurm is heavily wounded.
The lindwurm breathes flames at you. The blast of flame hits you!!!
Ouch! That really hurt!
You die...

________.# ________.#
______...###########++######
########'##................#
.(.')))'.##......#.)#).....#
########.##................+
.)).....).'..).............+
#####'#####.)....#..#......#
#..#.)#..##.....@..k.......#
#..'..'..#####'#####)'######
##'####'###.......##''### #######
#........##.......##....##..+...#
#..†.....##.......##...##...#..##
#####'#####...<...##..##...##..#.
#...)))[.##.......##..#...##...'.
#...)))[.##.......##..'..##....##
###########.......##.##..#.......


You could see a lindwurm (catching breath).

Vanquished Creatures
  A sun demon (D)
  A flayed ghost (D)
  A rime drake (D)
  A red devil (D)
  A snapping turtle (D)
  2 shadows (D)
  Grum (D)
  4 vampire mosquitoes (D)
  2 water moccasins (D)
  A sky beast (D)
  A laughing skull (D)
  An ogre (D)
  2 wolves (D)
  A phantom (D)
  A bullfrog (D)
  A scorpion (D)
  An orc priest (D)
  2 gnoll boudas (D)
  An iron imp (D)
  An orc wizard (D)
  8 gnolls (D)
  A river rat (D)
  A white imp (D)
  2 ufetubi (D)
  2 orcs (D)
  A ball python (D)
  An endoplasm (D)
  A hobgoblin (D)
  5 jackals (D)
  A frilled lizard (D)
  3 kobolds (D)
  A rat (D)
54 creatures vanquished.

Notes
Turn   | Place    | Note
-------+----------+-------------------------------------------
     0 | D        | Groucho the Spriggan Earth Elementalist began the quest for
                  | the Orb.
     0 | D        | Reached XP level 1. HP: 9/9 MP: 5/5
    12 | D        | Reached skill level 1 in Conjurations
    38 | D        | Found a glowing golden altar of the Shining One.
    38 | D        | Found a glowing silver altar of Zin.
    38 | D        | Found a basalt altar of Yredelemnul.
    38 | D        | Found a shimmering altar of Xom.
    38 | D        | Found an ornate altar of the Wu Jian Council.
    38 | D        | Found a bloodstained altar of Trog.
    38 | D        | Found a shimmering blue altar of Sif Muna.
    38 | D        | Found a sacrificial altar of Ru.
    38 | D        | Found a stormy altar of Qazlal.
    38 | D        | Found an iron altar of Okawaru.
    38 | D        | Found a sparkling altar of Nemelex Xobeh.
    38 | D        | Found a burning altar of Makhleb.
    38 | D        | Found a viscous altar of Jiyva.
    38 | D        | Found a hazy altar of Hepliaklqana.
    38 | D        | Found an opulent altar of Gozag.
    38 | D        | Found a blossoming altar of Fedhas.
    38 | D        | Found a white marble altar of Elyvilon.
    38 | D        | Found a shadowy altar of Dithmenos.
    38 | D        | Found a snail-covered altar of Cheibriados.
    39 | D        | Found a radiant altar of Vehumet.
    39 | D        | Found a corrupted altar of Lugonu.
    40 | D        | Found an ancient bone altar of Kikubaaqudgha.
    40 | D        | Found a hide-covered altar of Uskayaw.
    40 | D        | Found a broken altar of Ashenzari.
    41 | D        | Became a worshipper of Sif Muna the Loreminder
    53 | D        | Reached skill level 3 in Earth Magic
   165 | D        | Noticed a scorpion
   198 | D        | Killed a scorpion
   199 | D        | Reached skill level 5 in Earth Magic
   199 | D        | Reached XP level 2. HP: 11/13 MP: 4/8
   199 | D        | Reached XP level 3. HP: 14/16 MP: 5/10
   206 | D        | Reached * piety under Sif Muna
   232 | D        | Reached ** piety under Sif Muna
   233 | D        | Reached XP level 4. HP: 21/21 MP: 6/11
   267 | D        | Reached *** piety under Sif Muna
   268 | D        | Reached skill level 5 in Spellcasting
   422 | D        | Learned a level 3 spell: Stone Arrow
   473 | D        | Noticed a water moccasin
   498 | D        | Killed a water moccasin
   499 | D        | Reached skill level 5 in Conjurations
   499 | D        | Reached skill level 6 in Earth Magic
   499 | D        | Reached XP level 5. HP: 24/24 MP: 10/14
   540 | D        | Noticed a water moccasin
   544 | D        | Killed a water moccasin
   544 | D        | Reached **** piety under Sif Muna
   545 | D        | Reached skill level 7 in Earth Magic
   545 | D        | Reached XP level 6. HP: 24/28 MP: 8/16
   592 | D        | Reached ***** piety under Sif Muna
   593 | D        | Reached skill level 8 in Earth Magic
   599 | D        | Received a gift from Sif Muna
   603 | D        | Got Sif Muna's Information on the Caves and Bad Luck {god
                  | gift}
   609 | D        | Learned a level 4 spell: Petrify
   615 | D        | Learned a level 5 spell: Lee's Rapid Deconstruction
   622 | D        | Learned a level 6 spell: Bombard
  1007 | D        | Noticed a flayed ghost
  1016 | D        | Killed a flayed ghost
  1017 | D        | Reached skill level 1 in Armour
  1017 | D        | Reached skill level 5 in Stealth
  1017 | D        | Reached skill level 9 in Earth Magic
  1017 | D        | Reached skill level 5 in Invocations
  1017 | D        | Reached XP level 7. HP: 35/35 MP: 6/19
  1017 | D        | Reached XP level 8. HP: 39/39 MP: 6/21
  1697 | D        | Reached skill level 5 in Dodging
  1700 | D        | Received a gift from Sif Muna
  2156 | D        | Reached skill level 10 in Earth Magic
  2168 | D        | Got Sif Muna's Compilation of the Blizzard and Inhalation
                  | {god gift}
  2256 | D        | Noticed Grum
  2278 | D        | HP: 2/40 [Grum/+0 halberd (27)]
  2279 | D        | Reached XP level 9. HP: 2/44 MP: 5/23
  2297 | D        | Killed Grum
  2377 | D        | Noticed a sun demon
  2394 | D        | Killed a sun demon
  2395 | D        | Reached skill level 5 in Short Blades
  2395 | D        | Reached skill level 5 in Alchemy
  2403 | D        | Received a gift from Sif Muna
  2406 | D        | Got Sif Muna's Catalogue of the Beaker {god gift}
  2482 | D        | Reached skill level 10 in Spellcasting
  2591 | D        | Reached skill level 11 in Earth Magic
  2904 | D        | Noticed a rime drake
  2915 | D        | Killed a rime drake
  2930 | D        | Noticed a red devil
  2942 | D        | Killed a red devil
  2950 | D        | Noticed a lindwurm
  2950 | D        | Noticed a death knight
  2977 | D        | Received a gift from Sif Muna
  3195 | D        | Reached ****** piety under Sif Muna
  3215 | D        | Killed from afar by a lindwurm

Illustrated notes

Levels and vault maps discovered:
D:        pitsprint [storerooms_1, entrance_room_1, metal_vault_7, armoury_1,
          mini_pit_1, grid_room_1, main_hall_1, silver_pit, the_coven_1,
          the_vestibule_1, steel_vault_4, golden_pit, hallway_of_sentries,
          crystal_vault_2, iron_vault_2, final_vault]

Skill      XL: |  1  2  3  4  5  6  7  8  9 |
---------------+----------------------------+-----
Conjurations   | 3 5 7 8 9 |  9.2
Spellcasting   | 4 6 8 9 10 | 10.3
Earth Magic    | 5 6 7 9 10 11 | 11.2
Invocations    | 2 3 5 6 7 |  7.3
Fighting       | 2 3 4 |  4.7
Short Blades   | 2 4 6 |  6.2
Armour         | 1 3 |  3.0
Dodging        | 4 5 |  5.0
Stealth        | 5 7 |  7.0
Alchemy        | 2 4 5 |  5.9

Action                     |  1- 3 |  4- 6 |  7- 9 || total
---------------------------+-------+-------+-------++-------
  Melee: Dagger            |    16 |    27 |     7 ||    50
   Cast: Sandblast         |     5 |    16 |       ||    21
         Stone Arrow       |       |    19 |    53 ||    72
         Petrify           |       |       |     5 ||     5
 Invoke: Channel Magic     |       |     2 |     1 ||     3
    Use: Potion            |     2 |     1 |     5 ||     8
         Scroll            |       |       |     1 ||     1
   Stab: Invisible         |     3 |     1 |       ||     4
         Sleeping          |     2 |       |       ||     2
         Petrified         |       |       |     7 ||     7
 Armour: Robe              |     3 |    15 |    17 ||    35
  Dodge: Dodged            |     6 |    54 |    24 ||    84
